 Dungeon Crawl Stone Soup version 0.28-a0-563-gf77a47075d (webtiles) character file.

Game seed: 14707587890748651686

17406 jasper the Carver (level 12, -2/71 HPs)
             Began as a Deep Elf Berserker on Sept 30, 2021.
             Was an Elder of Trog.
             Slain by a cyan ugly thing (17 damage)
             ... on level 12 of the Dungeon.
             The game lasted 00:24:33 (13286 turns).

jasper the Carver (Deep Elf Berserker)             Turns: 13286, Time: 00:24:33

Health: -2/71      AC: 12    Str: 16    XL:     12   Next: 18%
Magic:  14/14      EV: 20    Int: 14    God:    Trog [****..]
Gold:   746        SH:  0    Dex: 16    Spells: 11/11 levels left

rFire   . . .      SeeInvis .   q - +1 scimitar (flame)
rCold   + . .      Faith    .   (no shield)
rNeg    . . .      Spirit   .   Q - +0 acid dragon scales
rPois   .          Reflect  .   r - +0 helmet
rElec   .          Harm     .   s - +1 cloak
rCorr   +          Rampage  .   B - +0 pair of gloves
Will    +....                   (no boots)
Stlth   +.........              n - amulet of regeneration
HPRegen 1.21/turn               o - +4 ring of evasion
MPRegen 0.14/turn               y - ring of protection from cold

@: on berserk cooldown
A: no striking features
a: Renounce Religion, Berserk, Trog's Hand, Brothers in Arms


You were on level 12 of the Dungeon.
You worshipped Trog.
Trog was greatly pleased with you.
You visited 2 branches of the dungeon, and saw 13 of its levels.
You also visited: Bailey.

You collected 746 gold pieces.

Inventory:

Hand Weapons
 a - a +1 falchion
 d - a +0 short sword
 q - a +1 scimitar of flaming (weapon)
 t - a +2 scimitar
 x - a +0 scimitar
 A - a +1 rapier of freezing
 F - a +0 great sword
 G - a +0 falchion of holy wrath
 O - a +2 scimitar of draining
Missiles
 k - 212 stones
 m - 94 poisoned darts (quivered)
 v - 22 boomerangs
 I - a throwing net
Armour
 b - a +0 animal skin
 c - a +0 cloak
 f - a +0 leather armour
 l - a +0 ring mail
 r - a +0 helmet (worn)
 s - a +1 cloak (worn)
 B - a +0 pair of gloves (worn)
 C - a +0 chain mail
 M - a +1 chain mail of cold resistance
 Q - +0 acid dragon scales (worn)
Jewellery
 n - an amulet of regeneration (around neck)
 o - a +4 ring of evasion (left hand)
 y - a ring of protection from cold (right hand)
 K - a ring of poison resistance
 L - a ring of positive energy
 S - an amulet of the acrobat
Wands
 w - a wand of digging (13)
Scrolls
 e - 4 scrolls of immolation
 i - 2 scrolls of fog
 p - 4 scrolls of teleportation
 J - a scroll of vulnerability
 P - a scroll of blinking
 T - a scroll of enchant weapon
Potions
 g - 3 potions of brilliance
 h - 3 potions of attraction
 j - 2 potions of degeneration
 u - 2 potions of curing
 z - 3 potions of heal wounds
 D - a potion of cancellation
 E - a potion of resistance
 N - a potion of haste
 R - a potion of lignification {unknown}


   Skills:
 + Level 6.8 Fighting
 - Level 14.0 Long Blades
 + Level 6.5 Armour
 + Level 9.4 Dodging
 + Level 3.5 Evocations


You had 11 spell levels left.
You didn't know any spells.
Your spell library was empty.

Dungeon Overview and Level Annotations

Branches:
Dungeon (12/15)            Temple (0/1) D:6            Lair (1/6) D:9
    Orc (0/2) D:11         Bailey (visited)

Altars:
Ashenzari
Hepliaklqana

Shops:
D:5 [


Message History

Found a scroll of enchant weapon.
You hear the faint crackling of a melting archway nearby.
You regained 2 hp, and now have 66/71 hp.
You regained 2 hp, and now have 68/71 hp.
You regained 2 hp, and now have 70/71 hp.
Health restored: 71
Found a stone staircase leading down.
T - a scroll of enchant weapon
As you read the scroll of magic mapping, it crumbles to dust.
You feel aware of your surroundings.
You sensed 1 shop/portal.
A cyan ugly thing comes into view.
The cyan ugly thing gurgles horribly!
The cyan ugly thing completely misses you.
You feel yourself speed up.
The cyan ugly thing tail-slaps you but does no damage.
You slash the cyan ugly thing! You burn the cyan ugly thing!
The cyan ugly thing is moderately wounded.
The cyan ugly thing tail-slaps you but does no damage.
You hit the cyan ugly thing. You burn the cyan ugly thing.
The cyan ugly thing is moderately wounded.
The cyan ugly thing tail-slaps you. The cyan ugly thing shocks you!
You take 19 damage, and have 52/71 hp.
MASSIVE DAMAGE!!
You hit the cyan ugly thing. You burn the cyan ugly thing.
The cyan ugly thing is heavily wounded.
You barely miss the cyan ugly thing.
The cyan ugly thing is heavily wounded.
The cyan ugly thing tail-slaps you! The cyan ugly thing shocks you!
You take 28 damage, and have 25/71 hp.
MASSIVE DAMAGE!!
You closely miss the cyan ugly thing.
The cyan ugly thing is heavily wounded.
The cyan ugly thing misses you.
You slash the cyan ugly thing! You burn the cyan ugly thing.
The cyan ugly thing is severely wounded.
You're still recovering from your berserk rage.
You slash the cyan ugly thing! You burn the cyan ugly thing.
The cyan ugly thing is almost dead.
The cyan ugly thing tail-slaps you!
* * * LOW HITPOINT WARNING * * *
The cyan ugly thing shocks you!
You die...

,,,,,,,,,,,,,* *,,,,*
,,,,,,,,,,,,,* **,,,*
,,,,,***,,,,,* *,,.*
,,,,,*,,,,,,,* *...*
,,,,,*,,,,∩,,########...*
,,,,,*,,,,,,,,..........*
,,,,,*,,,,,,,*#.........*
,,,,,*,,,,,,,,#.........*
,,,,,*,,,,,,,,+.@.......*
,,,,,*,,,,,,,,#.u.......*
,,,,,*,,,,,,,,#.........*
.....#,,,,,,,,#.....####*
.....#,,,,,,###.....#
.....#,,,,,,#.......##
.....#,,,,,,#.....>..#
.....#,,,,,,#........#
.....#,,,,,,+........#


You could see a cyan ugly thing.

Vanquished Creatures
  Erolcha (D:9)
  Fannar (D:12)
  3 two-headed ogres
  Erica (D:8)
  An orc knight (D:12)
  2 ugly things
  Maggie (D:9)
  4 kobold demonologists
  An unseen horror (D:10)
  3 trolls
  3 hornets
  Prince Ribbit (D:6)
  Grinder (D:6)
  A shadow (D:12)
  20 yaks
  Eustachio (D:6)
  3 vampire mosquitoes (D:11)
  3 wargs
  3 water moccasins
  7 orc warriors
  An ice beast (D:6)
  3 necrophages
  3 centaurs
  5 ogres
  4 kobold brigands
  3 bullfrogs
  A water moccasin zombie (D:4)
  3 scorpions
  A wyvern skeleton (D:6)
  A water moccasin skeleton (D:4)
  17 wights
  4 electric eels
  4 howler monkeys
  4 centaur zombies
  2 jellies
  5 hounds
  6 orc priests
  A gnoll shaman (D:8)
  A centaur skeleton (D:6)
  2 iguanas
  6 orc wizards
  A killer bee zombie (D:6)
  9 gnolls
  5 adders
  2 shadow imps
  2 ufetubi
  An adder skeleton (D:4)
  A worm (D:2)
  3 dart slugs
  18 orcs
  7 ball pythons
  4 bats
  6 endoplasms
  5 giant cockroaches
  9 goblins
  9 hobgoblins
  2 jackals (D:1)
  17 kobolds
  8 quokkas
  2 frilled lizards
  2 rats
251 creatures vanquished.

Vanquished Creatures (collateral kills)
  A wyvern (D:8)
  An orc (D:8)
2 creatures vanquished.

Vanquished Creatures (others)
  2 plants (D:9)
2 creatures vanquished.

Grand Total: 255 creatures vanquished

Notes
Turn   | Place    | Note
-------+----------+-------------------------------------------
     0 | D:1      | jasper the Deep Elf Berserker began the quest for the Orb.
     0 | D:1      | Reached XP level 1. HP: 13/13 MP: 3/3
   141 | D:1      | Reached skill level 3 in Long Blades
   469 | D:1      | Reached XP level 2. HP: 18/18 MP: 4/4
   746 | D:1      | Found a faded altar of an unknown god.
  1560 | D:1      | Reached XP level 3. HP: 16/22 MP: 5/5
  2038 | D:1      | Reached skill level 4 in Long Blades
  2265 | D:2      | Reached XP level 4. HP: 27/27 MP: 6/6
  2965 | D:2      | Reached ** piety under Trog
  3975 | D:3      | Reached skill level 5 in Long Blades
  4402 | D:3      | Reached XP level 5. HP: 31/31 MP: 7/7
  4636 | D:4      | Reached skill level 6 in Long Blades
  4707 | D:4      | Noticed an ogre
  4720 | D:4      | Killed an ogre
  4721 | D:4      | Reached XP level 6. HP: 36/36 MP: 8/8
  5213 | D:4      | Reached skill level 7 in Long Blades
  5263 | D:5      | Entered Level 5 of the Dungeon
  5378 | D:5      | Reached XP level 7. HP: 36/40 MP: 9/9
  5433 | D:5      | Found Togaw's Armour Shoppe.
  5475 | D:5      | Found a hazy altar of Hepliaklqana.
  6095 | D:5      | Noticed a hornet
  6100 | D:5      | Paralysed by a hornet for 1 turns
  6106 | D:5      | Killed a hornet
  6107 | D:5      | Reached skill level 8 in Long Blades
  6494 | D:6      | Noticed Grinder
  6494 | D:6      | Paralysed by Grinder for 6 turns
  6508 | D:6      | Paralysed by Grinder for 2 turns
  6541 | D:6      | Killed Grinder
  6542 | D:6      | Reached skill level 9 in Long Blades
  6542 | D:6      | Reached XP level 8. HP: 40/45 MP: 10/10
  6852 | D:6      | Noticed Prince Ribbit
  6934 | D:6      | Killed Prince Ribbit
  7002 | D:6      | Found a staircase to the Ecumenical Temple.
  7039 | D:6      | Noticed Eustachio
  7052 | D:6      | Killed Eustachio
  7053 | D:6      | Reached skill level 5 in Dodging
  7053 | D:6      | Reached XP level 9. HP: 52/52 MP: 11/11
  7158 | D:6      | Reached *** piety under Trog
  7813 | D:7      | Found a flagged portal.
  7856 | Bailey   | Entered a bailey
  7977 | Bailey   | Found an iron altar of Okawaru.
  7977 | Bailey   | Noticed a kobold demonologist
  7977 | Bailey   | Noticed an orc high priest
  7979 | Bailey   | Noticed a smoke demon
  7979 | Bailey   | Noticed an ice devil
  8044 | D:7      | Reached skill level 5 in Fighting
  8198 | D:7      | Reached **** piety under Trog
  8289 | D:7      | Reached skill level 5 in Armour
  8351 | D:7      | Noticed a two-headed ogre
  8363 | D:7      | Killed a two-headed ogre
  8364 | D:7      | Reached XP level 10. HP: 39/60 MP: 12/12
  8478 | D:7      | Identified the +9 trident "Cyel" {freeze, Will+}
  8903 | D:8      | Noticed a red ugly thing
  8990 | D:9      | Noticed Erica
  9026 | D:8      | Killed Erica
  9115 | D:9      | Noticed Erolcha
  9699 | D:8      | Reached skill level 10 in Long Blades
  9820 | D:8      | Killed a red ugly thing
  9968 | D:9      | Noticed a smoke demon
  9973 | D:9      | Noticed a soul eater
 10171 | D:9      | Reached skill level 11 in Long Blades
 10350 | D:9      | Killed Erolcha
 10449 | D:9      | Reached XP level 11. HP: 58/58 MP: 13/13
 10521 | D:9      | Noticed Maggie
 10537 | D:9      | Killed Maggie
 10538 | D:9      | Reached skill level 12 in Long Blades
 10571 | D:9      | Noticed a two-headed ogre
 10578 | D:9      | Killed a two-headed ogre
 10700 | D:9      | Found a staircase to the Lair.
 11043 | Lair:1   | Entered Level 1 of the Lair of Beasts
 11075 | D:10     | Entered Level 10 of the Dungeon
 11298 | D:10     | Reached skill level 13 in Long Blades
 11700 | D:10     | Found a broken altar of Ashenzari.
 12203 | D:11     | Reached skill level 14 in Long Blades
 12371 | D:11     | Reached skill level 1 in Evocations
 12545 | D:11     | Found a staircase to the Orcish Mines.
 12562 | D:11     | Noticed a two-headed ogre
 12572 | D:11     | Killed a two-headed ogre
 12783 | D:11     | Reached XP level 12. HP: 44/71 MP: 14/14
 13209 | D:12     | Noticed Fannar
 13248 | D:12     | Killed Fannar
 13286 | D:12     | Slain by a cyan ugly thing

Illustrated notes

Levels and vault maps discovered:
D:1:      dpeg_arrival_boxes_within_box, layout_basic,
          shapermc_ecumenical_altar_rom_forum
D:2:      layout_rooms, minmay_circled_x
D:3:      layout_loops_cross
D:4:      layout_cave_pools, nrook_campfire
D:5:      layout_gridville, general_overflow_altar, serial_shops,
          nicolae_take_the_stairs
D:6:      layout_basic, temple_doors_e, uniq_grinder, uniq_eustachio,
          uniq_prince_ribbit1
D:7:      layout_rooms, enter_bailey_5, serial_rivers,
          chequers_serial_rivers_room_b, chequers_serial_rivers_small_b,
          chequers_serial_rivers_small_3, chequers_serial_rivers_micro_a,
          hangedman_abyss_or_decor_jellyfish_corner
D:8:      layout_basic, interstate_on_off
D:9:      layout_loops_ring, erik_lair_orcish_takeover, uniq_maggie,
          uniq_erolcha, uniq_erica
D:10:     layout_roguey, amcnicky_altar_gilded
D:11:     layout_basic, orc_0_dummy, minmay_misc_feat_secret_circle
D:12:     layout_irregular_city, portal_ice_cave_entry_ice_simulacra,
          uniq_fannar, uniq_nessos
Lair:1:   layout_loops_ring, serial_bayou_lagoon_a

Skill      XL: |  1  2  3  4  5  6  7  8  9 10 11 12 |
---------------+-------------------------------------+-----
Long Blades    | 3 4 5 6 7 9 11 14 | 14.0
Armour         | 3 5 6 |  6.5
Dodging        | 5 7 8 9 |  9.4
Fighting       | 4 5 6 |  6.8
Evocations     | 2 3 |  3.5

Action                   |  1- 3 |  4- 6 |  7- 9 | 10-12 || total
-------------------------+-------+-------+-------+-------++-------
Melee: Falchion          |    75 |   132 |    83 |     1 ||   291
       Scimitar          |       |       |   182 |   501 ||   683
       Great sword       |       |       |    26 |    35 ||    61
Throw: Stone             |       |    30 |       |       ||    30
       Dart              |       |    11 |    58 |    27 ||    96
Invok: Berserk           |     6 |     8 |    17 |    18 ||    49
       Trog's Hand       |       |       |     3 |     6 ||     9
       Brothers in Arms  |       |       |       |     1 ||     1
Evoke: Wand              |       |       |       |    12 ||    12
  Use: Scroll            |     3 |     8 |     1 |    10 ||    22
       Potion            |       |     1 |       |     3 ||     4
 Stab: Distracted        |       |       |       |     1 ||     1
Armor: Animal skin       |     2 |       |       |       ||     2
       Leather armour    |    15 |    19 |       |       ||    34
       Ring mail         |       |    15 |    66 |    57 ||   138
       Acid dragon scale |       |       |       |    69 ||    69
Dodge: Dodged            |    62 |    62 |   194 |   353 ||   671

Table legend: (Time is in decaauts)
 A = Elapsed time spent in this place.
 B = Non-inter-level travel time spent in this place.
 C = Inter-level travel time spent in this place.
 D = Time resting spent in this place.
 E = Time spent auto-exploring this place.
 F = Levels seen in this place.
 G = Mean time per level.
                   A        B        C        D        E       F      G
               +--------+--------+--------+--------+--------+-----+--------+
         Total |  13587 |  12915 |    672 |   4142 |   5840 |  14 |  970.5 |
       Dungeon |  13440 |  12768 |    672 |   4106 |   5827 |  12 | 1120.0 |
          Lair |      1 |      1 |      0 |      0 |      0 |   1 |    1.0 |
        Bailey |    145 |    145 |      0 |     36 |     13 |   1 |  145.0 |
               +--------+--------+--------+--------+--------+-----+--------+

Top non-repeatable levels by time:
     D:1: 1946 daAuts
     D:2: 1569 daAuts
     D:6: 1411 daAuts
     D:5: 1185 daAuts
     D:9: 1178 daAuts
     D:7: 1168 daAuts
    D:11: 1130 daAuts
     D:3: 1125 daAuts
     D:8: 986 daAuts
     D:4: 754 daAuts
    D:10: 742 daAuts
    D:12: 242 daAuts
  Bailey: 145 daAuts
  Lair:1: 1 daAuts
